 Dungeon Crawl Stone Soup version 0.18.1-8-gdd0e5ea (console) character file.

605 Kloppie the Poker (level 7, -6/56 HPs)
             Began as a Merfolk Gladiator on June 8, 2016.
             Was a Follower of Makhleb.
             Mangled by an orc warrior
             ... wielding a +0 flail
              (7 damage)
             ... on level 6 of the Dungeon.
             The game lasted 00:08:50 (4573 turns).

Kloppie the Poker (Merfolk Gladiator)               Turns: 4573, Time: 00:08:51

Health: -6/56      AC:  7    Str: 16    XL:     7   Next: 42%
Magic:  7/7        EV: 13    Int:  7    God:    Makhleb [*.....]
Gold:   165        SH:  0    Dex: 16    Spells: 0 memorised, 6 levels left

rFire  . . .     SeeInvis .     a - +0 trident
rCold  . . .     Gourm    .     d - +0 scale mail
rNeg   . . .     Faith    .     (no shield)
rPois  .         Spirit   .     D - +0 helmet
rElec  .         Dismiss  .     (no cloak)
rCorr  .         Reflect  .     (no gloves)
SustAt .         Harm     .     (no boots)
MR     +....                    w - amulet of magic regeneration
Stlth  ..........               (no ring)
                                H - ring of protection from magic

@: somewhat resistant to hostile enchantments, extremely unstealthy
A: change form in water, swift swim
a: Renounce Religion


You were on level 6 of the Dungeon.
You worshipped Makhleb.
Makhleb was aware of your devotion.
You were not hungry.

You visited 2 branches of the dungeon, and saw 8 of its levels.

You collected 243 gold pieces.
You spent 78 gold pieces at shops.

Inventory:

Hand Weapons
 a - a +0 trident (weapon)
Missiles
 u - a throwing net (quivered)
 I - 7 javelins
Armour
 c - a +0 helmet
 d - a +0 scale mail (worn)
 D - a +0 helmet (worn)
Jewellery
 w - an amulet of magic regeneration (around neck)
 H - a ring of protection from magic (left hand)
Wands
 x - a wand of digging (13/24)
Scrolls
 e - 4 scrolls of immolation
 g - a scroll of random uselessness {unknown}
 j - 5 scrolls of identify {unknown}
 m - a scroll of blinking {unknown}
 o - 4 scrolls of remove curse {unknown}
 q - 3 scrolls of teleportation {unknown}
 y - a scroll of magic mapping {unknown}
 B - a scroll of fog {unknown}
 F - a scroll of enchant armour {unknown}
Potions
 b - a potion of mutation {unknown}
 h - 3 potions of brilliance {unknown}
 i - 2 potions of might {unknown}
 l - 3 potions of curing {unknown}
 n - a potion of degeneration {unknown}
 p - 2 potions of flight {unknown}
 r - 3 potions of agility {unknown}
 v - a potion of resistance {unknown}
 z - 2 potions of magic {unknown}
 A - a potion of lignification {unknown}
Comestibles
 f - 6 bread rations
 k - 2 slices of pizza
 s - 3 meat rations
 t - 5 fruits
 C - a beef jerky
 E - 4 chunks of flesh
 G - 2 royal jellies


   Skills:
 + Level 5.6 Fighting
 + Level 7.5 Polearms
 - Level 2.0 Throwing
 + Level 6.9 Dodging


You had 6 spell levels left.
You didn't know any spells.

Dungeon Overview and Level Annotations

Branches:
Dungeon (7/15)             Temple (1/1) D:4

Altars:
Ashenzari
Cheibriados
Dithmenos
Fedhas
Gozag
Kikubaaqudgha
Makhleb
Nemelex Xobeh
Pakellas
Ru
Sif Muna
Trog
Vehumet
Xom
Yredelemnul
The Shining One

Shops:
D:2 }   D:4 (:   D:6 (


Message History

An orc comes into view. It is wielding a mace.
The ooze quivers.
The orc wizard casts a spell at you. The magic dart hits you!
The orc priest hits you with a dagger.
Read which item? (? for menu, Esc to quit)
As you read the scroll labeled WOCU CEITARHO, it crumbles to dust.
The creatures around you are filled with an inner flame!
It was a scroll of immolation.
The orc warrior hits you with a flail!
The orc priest hits you but does no damage.
An orc priest comes into view. It is wielding a short sword.
The orc priest shouts!
You puncture the orc warrior!
The orc warrior is moderately wounded.
The orc wizard hits you but does no damage.
The ogre hits you with a giant spiked club!!
Ouch! That really hurt!
* * * LOW HITPOINT WARNING * * *
The orc priest hits you but does no damage.
The orc warrior hits you with a flail!
You die...

....# #.......... #...#..#
#.......... #...#o(##
#..........
#8)..8##...+..)# #........#
##.....##..o#J..#
#........#
8.....8#...#...###.......[#
#.....##...o..............#
8...8 #..Ooo.####........#
##>## #...@o>...+........#
##### ###########........#
#.#####.....# #.########
#...........####.##
#######.....#.....#
#.....#.....# #.....#.....#
##.....#.###'# #..<...).#
#.#


You could see an orc warrior (inner flame), an ogre (inner flame), 3 orc
priests, an orc wizard (inner flame), an ooze (inner flame) and an orc (inner
flame).

Vanquished Creatures
  A sky beast (D:6)
  4 orc wizards
  A giant frog zombie (D:5)
  An orc priest (D:4)
  A hound (D:4)
  2 giant frog skeletons
  An iguana (D:6)
  A worker ant (D:4)
  A hound zombie (D:5)
  A worker ant zombie (D:5)
  3 adders
  2 oozes
  An adder zombie (D:5)
  3 worms
  A dart slug (D:1)
  6 giant geckos
  17 orcs
  2 giant cockroaches
  10 goblins
  9 hobgoblins
  16 jackals
  3 quokkas
  5 bats
  2 giant newts
  7 kobolds
  7 rats
108 creatures vanquished.

Notes
Turn   | Place    | Note
--------------------------------------------------------------
     0 | D:1      | Kloppie the Merfolk Gladiator began the quest for the Orb.
     0 | D:1      | Reached XP level 1. HP: 16/16 MP: 1/1
    83 | D:1      | Reached XP level 2. HP: 21/23 MP: 2/2
   228 | D:1      | Reached skill level 5 in Polearms
   606 | D:1      | Reached XP level 3. HP: 28/28 MP: 3/3
  1261 | D:2      | Reached XP level 4. HP: 27/35 MP: 4/4
  1456 | D:2      | Found an oddly glowing altar of Pakellas.
  1456 | D:2      | Found Pakellas's Prime Provisions.
  1617 | D:2      | Reached skill level 5 in Dodging
  1908 | D:3      | Found an ancient bone altar of Kikubaaqudgha.
  2011 | D:3      | Found a radiant altar of Vehumet.
  2255 | D:4      | Reached XP level 5. HP: 33/42 MP: 5/5
  2287 | D:4      | Reached skill level 6 in Polearms
  2354 | D:4      | Reached XP level 6. HP: 27/48 MP: 6/6
  2372 | D:4      | Found a sacrificial altar of Ru.
  2436 | D:4      | Found Foefec's Book Shop.
  2843 | D:4      | Found Jaxoib's Antique Weapon Shoppe.
  2923 | D:4      | Found a staircase to the Ecumenical Temple.
  3014 | Temple   | Entered the Ecumenical Temple
  3107 | Temple   | Became a worshipper of Makhleb the Destroyer
  3145 | D:5      | Entered Level 5 of the Dungeon
  3337 | D:5      | Found a shattered altar of Ashenzari.
  3609 | D:5      | Found a sacrificial altar of Ru.
  3638 | D:5      | Reached skill level 5 in Fighting
  3745 | D:5      | Noticed a phantom
  4050 | D:6      | Reached XP level 7. HP: 18/56 MP: 7/7
  4067 | D:6      | Reached skill level 7 in Polearms
  4374 | D:6      | Reached * piety under Makhleb
  4518 | D:6      | Found Mubifokk's Weapon Shoppe.
  4523 | D:6      | Bought 7 javelins for 78 gold pieces
  4573 | D:6      | HP: 1/56 [ogre/giant spiked club (28)]
  4573 | D:6      | Mangled by an orc warrior

Skill      XL: |  1  2  3  4  5  6  7 |
---------------+----------------------+-----
Polearms       | 5 6 7 |  7.5
Fighting       | 3 4 5 |  5.6
Dodging        | 5 6 |  6.9
Throwing       | |  2.0

Action                   |  1- 3 |  4- 6 |  7- 9 || total
-------------------------+-------+-------+-------++-------
Melee: Trident           |   115 |   333 |    66 ||   514
Throw: Throwing net      |       |     5 |     2 ||     7
  Use: Scroll            |       |       |     1 ||     1
 Stab: Sleeping          |     1 |       |       ||     1
  Eat: Chunk             |     1 |     9 |     2 ||    12
Armor: Leather armour    |    26 |    24 |       ||    50
       Ring mail         |       |    14 |       ||    14
       Scale mail        |       |    38 |    23 ||    61
Dodge: Dodged            |    76 |   188 |    29 ||   293
